 Dungeon Crawl Stone Soup version 0.29.1-1-gd02db6906a (webtiles) character file.

Game seed: 3840135313899938317

741 Demigod47 the Covered (level 7, -5/61 HPs)
             Began as a Minotaur Fighter on Oct 11, 2022.
             Frozen to death by po7itron's ghost (12 damage)
             ... on level 4 of the Dungeon.
             The game lasted 00:06:08 (3012 turns).

Demigod47 the Covered (Minotaur Fighter)            Turns: 3012, Time: 00:06:08

Health: -5/61      AC: 14    Str: 21 (23) XL:     7   Next: 47%
Magic:  0/6        EV: 10    Int:  3 (5)  God:
Gold:   124        SH:  4    Dex:  7 (9)  Spells: 6/6 levels left

rFire   . . .      SeeInvis .   a - +0 flail
rCold   . . .      Faith    .   c - +0 buckler
rNeg    . . .      Spirit   +   b - +0 scale mail
rPois   .          Reflect  .   (helmet restricted)
rElec   .          Harm     .   q - +1 cloak {Will+}
rCorr   +          Rampage  .   (no gloves)
Will    +....                   (no boots)
Stlth   ..........              i - amulet of guardian spirit
HPRegen 0.20/turn               r - ring of resist corrosion
MPRegen 0.10/turn               g - +4 ring of protection

@: mighty, about to teleport
A: horns 2, retaliatory headbutt
a: no special abilities


You were on level 4 of the Dungeon.
You visited 1 branch of the dungeon, and saw 4 of its levels.

You collected 124 gold pieces.

Inventory:

Hand Weapons
 a - a +0 flail (weapon)
 t - a -1 whip
Missiles
 v - 5 javelins (quivered)
Armour
 b - a +0 scale mail (worn)
 c - a +0 buckler (worn)
 q - a +1 cloak of willpower (worn)
Jewellery
 g - a +4 ring of protection (right hand)
 h - an amulet of regeneration
 i - an amulet of guardian spirit (around neck)
 r - a ring of resist corrosion (left hand)
Scrolls
 e - a scroll of enchant weapon
 j - a scroll of teleportation
 k - a scroll of fear
 l - a scroll of butterflies
 n - a scroll of noise {unknown}
 o - a scroll of amnesia {unknown}
 s - 2 scrolls of magic mapping {unknown}
 u - a scroll of blinking {unknown}
Potions
 d - a potion of might


   Skills:
 + Level 5.5 Fighting
 + Level 5.6 Maces & Flails
 + Level 6.3 Armour
 + Level 2.8 Dodging
 + Level 0.5 Stealth
 + Level 5.1 Shields


You had 6 spell levels left.
You didn't know any spells.
Your spell library was empty.

Dungeon Overview and Level Annotations

Branches:
Dungeon (4/15)
 Temple: D:4-7

Altars:
Fedhas
Hepliaklqana
The Shining One

Shops:
D:1 (

Annotations:
D:4 1 transporter, po7itron's ghost, novice MfIE


Innate Abilities, Weirdness & Mutations

You have a pair of horns on your head.
You reflexively headbutt those who attack you in melee.


Message History

* * * LOW HITPOINT WARNING * * *
The quasit attacks as you move away! The quasit closely misses you.
You furiously retaliate!
You headbutt the quasit. The quasit closely misses you.
The quasit claws you but does no damage.
You closely miss the quasit.
The quasit is severely wounded.
The quasit barely misses you. The quasit closely misses you.
The quasit claws you but does no damage.
The quasit misses you.
The quasit claws you but does no damage.
The quasit closely misses you.
You completely miss the quasit.
The quasit is severely wounded.
The quasit bites you but does no damage.
The quasit claws you but does no damage.
You block the quasit's attack.
Po7itron's ghost hits you but does no damage.
The quasit barely misses you. You furiously retaliate!
You headbutt the quasit!
You kill the quasit!
Po7itron's ghost hits you but does no damage.
You barely miss po7itron's ghost.
Po7itron's ghost is lightly damaged.
Po7itron's ghost freezes you.
You are frozen.
* * * LOW HITPOINT WARNING * * *
Unknown command.
You hit po7itron's ghost.
Po7itron's ghost is moderately damaged.
Po7itron's ghost hits you but does no damage.
You hit po7itron's ghost. Your headbutt misses po7itron's ghost.
Po7itron's ghost is moderately damaged.
Po7itron's ghost hits you but does no damage.
You can't see any enemies this would affect, really read the scroll of fear?
Okay, then.
As you read the scroll of teleportation, it crumbles to dust.
You feel strangely unstable. Po7itron's ghost freezes you.
You are frozen!
You die...

#.....# #..).........#...
#.....#####............#...
#......................##..
#.....#####................
#...###...###...........(..
#...#.......##.............
#...#...#.#..#.............
#...#...#.#..#......_..8.._
#..##.#...@.##.............
#..#.#...#W.#..............
#..#...#©.=[#©..####...)...
#..##.....#)#...# ###.....
#..©#.#...#.##..# ####..
##.##..##.#..#..# #..
#.#©..#...#.#..# #..
#.##....#..##..#########..
#..##......#..............


You could see po7itron's ghost.

Vanquished Creatures
  Grinder (D:3)
  An ogre (D:4)
  3 quasits (D:4)
  An orc priest (D:4)
  2 hounds (D:4)
  An iguana (D:4)
  Natasha (twice) (D:2)
  Terence (D:3)
  4 gnolls (D:4)
  3 adders
  An ufetubus (D:3)
  2 worms (D:3)
  A dart slug (D:4)
  5 orcs
  6 bats
  6 endoplasms
  2 giant cockroaches (D:2)
  5 goblins
  5 hobgoblins
  12 jackals
  3 quokkas
  7 ball pythons
  9 frilled lizards
  9 kobolds
  3 rats
95 creatures vanquished.

Vanquished Creatures (others)
  A plant (D:4)
1 creature vanquished.

Grand Total: 96 creatures vanquished

Notes
Turn   | Place    | Note
-------+----------+-------------------------------------------
     0 | D:1      | Demigod47 the Minotaur Fighter began the quest for the Orb.
     0 | D:1      | Reached XP level 1. HP: 19/19 MP: 0/0
   173 | D:1      | Reached XP level 2. HP: 25/27 MP: 1/1
   236 | D:1      | Reached skill level 4 in Armour
   240 | D:1      | Found Ariymid's Weapon Shop.
   618 | D:2      | Reached XP level 3. HP: 24/33 MP: 2/2
   827 | D:2      | Found a hazy altar of Hepliaklqana.
   829 | D:2      | Noticed Natasha
   834 | D:2      | Killed Natasha
   835 | D:2      | Reached skill level 1 in Dodging
   835 | D:2      | Reached XP level 4. HP: 31/40 MP: 1/3
  1118 | D:2      | Noticed Natasha
  1126 | D:2      | Killed Natasha
  1397 | D:2      | Found a faded altar of an unknown god.
  1483 | D:3      | Noticed Grinder
  1497 | D:4      | Reached XP level 5. HP: 22/46 MP: 2/4
  1693 | D:3      | Killed Grinder
  1694 | D:3      | Reached skill level 5 in Fighting
  1694 | D:3      | Reached skill level 5 in Armour
  1694 | D:3      | Reached XP level 6. HP: 24/56 MP: 0/5
  1977 | D:3      | Noticed Terence
  1985 | D:3      | Killed Terence
  2039 | D:3      | Reached skill level 5 in Maces & Flails
  2500 | D:4      | Reached skill level 5 in Shields
  2500 | D:4      | Reached XP level 7. HP: 57/61 MP: 4/6
  2559 | D:4      | Found a blossoming altar of Fedhas.
  2560 | D:4      | Found a transporter.
  2566 | D:4      | Noticed po7itron's ghost (novice MfIE)
  2572 | D:4      | Found a glowing golden altar of the Shining One.
  2615 | D:4      | Reached skill level 6 in Armour
  2958 | D:4      | Found a transporter.
  3012 | D:4      | Frozen to death by po7itron's ghost

Illustrated notes

Levels and vault maps discovered:
D:1:      dpeg_arrival_solitude, layout_basic, serial_shops, shop
D:2:      layout_basic, basic_altar, ebering_ecumenical_altar_rust,
          minmay_tiny_reverse_x, uniq_natasha
D:3:      minmay_recursive_quarters, layout_basic, minmay_door_square,
          minmay_misc_feat_four_crosses, chequers_serial_rivers_micro_d,
          nicolae_wormholes, uniq_terence, uniq_grinder, uniq_jessica
D:4:      layout_basic, grunt_temple_overflow_open, gammafunk_ghost_stat_death,
          serial_forest, infiniplex_forest_corner_1, infiniplex_forest_diagonal,
          infiniplex_forest_lined_3_way, infiniplex_forest_lined_2,
          infiniplex_forest_end_double, infiniplex_forest_clump_C,
          infiniplex_forest_zigzag_1, infiniplex_forest_clump_C,
          infiniplex_forest_zigzag_1

Skill      XL: |  1  2  3  4  5  6  7 |
---------------+----------------------+-----
Armour         | 4 5 6 |  6.3
Shields        | 4 5 |  5.1
Maces & Flails | 3 4 5 |  5.6
Fighting       | 4 5 |  5.5
Dodging        | 1 2 |  2.8
Stealth        | |  0.5

Action                   |  1- 3 |  4- 6 |  7- 9 || total
-------------------------+-------+-------+-------++-------
Melee: Flail             |    71 |   117 |    32 ||   220
       Headbutt          |     9 |    13 |     4 ||    26
  Use: Potion            |       |     4 |     3 ||     7
       Scroll            |       |     4 |     1 ||     5
 Stab: Invisible         |       |       |     1 ||     1
Armor: Scale mail        |    63 |    66 |    97 ||   226
Dodge: Dodged            |    68 |    95 |    53 ||   216
Block: Buckler           |    27 |    33 |    21 ||    81
